 Dungeon Crawl Stone Soup version 0.18.1-50-g88ac8fd (webtiles) character file.

97499 kengeki the Unseen (level 15, -1/74 HPs)
             Began as a Spriggan Enchanter on Sept 30, 2016.
             Was the Champion of Dithmenos.
             Killed by angry trees
             ... awakened by a spriggan druid
              (16 damage)
             ... on level 3 of the Swamp on Oct 2, 2016.
             The game lasted 06:32:54 (33482 turns).

kengeki the Unseen (Spriggan Enchanter)            Turns: 33482, Time: 06:32:55

Health: -1/74      AC:  6    Str:  6    XL:     15   Next: 72%
Magic:  10/35      EV: 25    Int: 37    God:    Dithmenos [******]
Gold:   1068       SH:  0    Dex: 16    Spells: 13 memorised, 2 levels left

rFire  . . .     SeeInvis +     m - +4 dagger (elec)
rCold  . . .     Gourm    .     f - +2 robe {Archmagi}
rNeg   + . .     Faith    .     (shield restricted)
rPois  +         Spirit   .     (helmet restricted)
rElec  .         Dismiss  .     j - +1 ratskin cloak {rPois rN+ Int-1 Dex-1}
rCorr  +         Reflect  .     (gloves unavailable)
SustAt .         Harm     .     (boots unavailable)
MR     ++...     Clarity  +     v - amulet of regeneration
Stlth  ++++++++++               P - ring of Bamoileh {rCorr Int+10}
                                b - ring of stealth

@: brilliant, shrouded, very slightly contaminated, wreathed by umbra, very
quick, very resistant to hostile enchantments, uncannily stealthy
A: unfitting armour, see invisible, clarity, herbivore 3, speed 3, slow
metabolism 2, strong 1
a: Shadow Step, Shadow Form, Renounce Religion


You were on level 3 of the Swamp.
You worshipped Dithmenos.
Dithmenos was exalted by your worship.
You were not hungry.

You visited 5 branches of the dungeon, and saw 27 of its levels.

You collected 2708 gold pieces.
You spent 1640 gold pieces at shops.

Inventory:

Hand Weapons
 m - a +4 dagger of electrocution (weapon)
Missiles
 U - 4 javelins
Armour
 f - a +2 robe of the Archmagi (worn)
 j - the +1 ratskin cloak (worn) {rPois rN+ Int-1 Dex-1}
   (You found it on level 4 of the Dungeon)

   It affects your intelligence (-1).
   It affects your dexterity (-1).
   It protects you from poison.
   It protects you from negative energy.
Jewellery
 b - a ring of stealth (left hand)
 l - an uncursed ring of ice
 q - an uncursed ring of stealth
 v - an amulet of regeneration (around neck)
 x - an uncursed ring of protection from fire
 P - the ring of Bamoileh (right hand) {rCorr Int+10}
   (You found it on level 3 of the Lair of Beasts)

   [ring of resist corrosion]

   It affects your intelligence (+10).
Wands
 a - a wand of lightning (7/15)
 d - a wand of lightning (8/15)
 p - a wand of confusion (48/48)
 w - a wand of polymorph (4/24)
 z - a wand of digging (11/24)
 A - a wand of teleportation (4/9)
 J - a wand of disintegration (8/24)
 L - a wand of hasting (5/9)
Scrolls
 c - a scroll of immolation
 g - 6 scrolls of identify
 k - 5 scrolls of remove curse
 r - a scroll of magic mapping
 s - 2 scrolls of fog
 u - 6 scrolls of recharging
 y - a scroll of summoning
 W - a scroll of vulnerability
 Y - a scroll of blinking
Potions
 e - 5 potions of curing
 h - 2 potions of heal wounds
 i - 5 potions of flight
 n - a potion of agility
 o - a potion of haste
 t - a potion of invisibility
 H - 2 potions of brilliance
Miscellaneous
 F - a stone of tremors
Comestibles
 C - 9 bread rations


   Skills:
 + Level 6.6 Fighting
 - Level 10.0 Short Blades
 - Level 15.0 Dodging
 + Level 18.9 Stealth
 + Level 15.6 Spellcasting
 - Level 3.1 Conjurations
 - Level 13.1 Hexes
 - Level 3.0 Charms
 + Level 3.7 Summonings
 - Level 3.1 Translocations
 - Level 3.0 Ice Magic
 - Level 4.0 Air Magic
 - Level 3.0 Invocations
 - Level 4.0 Evocations


You had 2 spell levels left.
You knew the following spells:

 Your Spells              Type           Power        Failure   Level  Hunger
a - Ensorcelled Hibernat  Hex/Ice        ######       1%          2    None
b - Dazzling Spray        Conj/Hex       ######       1%          3    None
c - Confuse               Hex            ########     0%          3    None
d - Tukima's Dance        Hex            ########     0%          3    None
e - Apportation           Tloc           #######...   1%          1    None
f - Summon Butterflies    Summ           #######.     1%          1    None
g - Invisibility          Hex            ########     1%          6    None
h - Alistair's Intoxicat  Trmt/Pois      ######..     4%          5    None
i - Silence               Hex/Air        ########..   1%          5    None
j - Blink                 Tloc           N/A          1%          2    None
k - Shroud of Golubria    Chrm/Tloc      #######...   1%          2    None
l - Aura of Abjuration    Summ           #######...   1%          5    None
m - Summon Demon          Summ           #######...   1%          5    None


Dungeon Overview and Level Annotations

Branches:
Dungeon (13/15)            Temple (1/1) D:5            Lair (8/8) D:11
  Swamp (3/4) Lair:5        Snake (0/4) Lair:6        Slime (0/6) Lair:6
    Orc (2/2) D:9             Elf (0/3) Orc:2
 Vaults: D:13-14

Altars:
Ashenzari
Cheibriados
Dithmenos
Elyvilon
Fedhas
Gozag
Kikubaaqudgha
Makhleb
Nemelex Xobeh
Okawaru
Pakellas
Qazlal
Ru
Sif Muna
Trog
Vehumet
Xom
Yredelemnul
Zin
The Shining One
Beogh
Jiyva

Shops:
Orc:2 %*}:


Innate Abilities, Weirdness & Mutations

You are tiny and cannot use many weapons and most armour.
You have supernaturally acute eyesight.
You are a herbivore.
You cover ground extremely quickly.
You need consume almost no food.
You possess an exceptional clarity of mind.
Your muscles are strong. (Str +2)


Message History

Casting: Confuse
Confirm with . or Enter, or press ? or * to list all spells.
You feel a surge of power!
You open a gate to Pandemonium!
A demon appears!
You feel roots moving beneath the ground.
A root smacks your ice devil from below.
Your ice devil dies!
You are hit by a branch!
A root lunges up near your red devil.
A swamp worm comes into view.
Casting: Summon Demon
Confirm with . or Enter, or press ? or * to list all spells.
Aiming: Confuse
Press: ? - help, Shift-Dir - straight line, f/p - spriggan druid
Aim: a spriggan druid, wielding a quarterstaff and wearing a robe (moderately wounded, umbra, chance to defeat MR: 25%)
You feel a surge of power!
The spriggan druid appears confused.
A root smacks you from below.
* * * LOW HITPOINT WARNING * * *
A tree reaches out and hits your red devil!
Unknown command.
A tree reaches out and hits you!
You die...

#...≈.♣♣....≈≈≈≈≈§.§
#....≈♣♣.≈i≈≈≈≈≈≈≈≈§
#≈.♣♣♣♣♣w.≈≈≈≈≈≈≈≈§§
#..♣♣♣..♣..[≈≈≈.....
##.♣♣♣≈.≈♣(.≈≈≈≈≈...≈
#.≈♣♣...≈w.≈≈≈≈≈≈≈.≈≈
♣≈?...≈≈..≈≈≈≈≈≈....≈
♣♣≈≈..i§.♣♣.≈≈≈≈≈♣≈♣.
♣♣4@♣♣♣♣♣♣≈.≈≈≈.....
♣≈♣♣ ♣♣.W♣≈..≈≈.≈ ♣♣♣
♣≈≈≈.♣♣♣..$. ♣...♣♣
♣♣.. ♣♣♣♣♣ ♣ ♣♣ ....
≈≈≈≈


You could see a spriggan druid (confused), 2 swamp worms and a friendly red
devil.

Vanquished Creatures
  A thorn hunter (Swamp:3)
  Erolcha (D:8)
  5 hydras
  Fannar (D:12)
  A ghost crab (Swamp:3)
  Erica (D:8)
  4 alligators
  4 catoblepae
  22 death yaks
  5 orc high priests
  Sonja (D:10)
  3 hill giants
  2 ugly things
  6 griffons
  3 oklob plants (Lair:6)
  5 orc sorcerers
  2 hornets
  A manticore (D:12)
  15 black mambas
  Joseph (D:9)
  16 elephants
  10 spiny frogs
  A naga mage (Lair:6)
  Psyche (D:8)
  A rime drake (Lair:5)
  A kobold demonologist (D:12)
  5 yaktaurs (D:11)
  9 komodo dragons
  8 trolls
  A polar bear (Lair:8)
  A two-headed ogre (D:10)
  9 blink frogs
  4 giant leeches
  2 boulder beetles
  The ghost of Chiseanne the Magician, an amateur DsWz (D:3)
  7 bog bodies
  13 slime creatures
  3 spriggans
  58 yaks
  5 wyverns
  A shadow (Swamp:2)
  Grum (D:8)
  4 basilisks
  A hungry ghost (D:9)
  14 hippogriffs
  4 wargs
  A swamp worm (Swamp:2)
  8 vampire mosquitoes (Swamp:2)
  20 water moccasins
  16 porcupines
  A black bear (D:10)
  2 wasps (Swamp:3)
  5 swamp drakes
  21 orc warriors
  4 phantoms
  13 ogres
  2 eyes of draining
  A necrophage (D:12)
  16 wolves
  6 centaurs
  19 crocodiles
  5 big kobolds
  12 giant frogs
  7 scorpions
  9 killer bees
  8 wights (D:12)
  A howler monkey (D:4)
  4 crimson imps
  A centaur zombie (D:6)
  2 hounds
  A quasit (D:11)
  31 orc priests
  42 orc wizards
  5 centaur skeletons
  4 giant frog skeletons
  4 jellies
  Terence (D:3)
  7 iguanas
  10 worker ants
  33 sheep
  2 killer bee zombies
  A hound zombie (D:5)
  A worker ant zombie (D:6)
  22 adders
  7 gnolls
  29 river rats
  3 shadow imps
  12 white imps (Lair:2)
  An ooze (D:1)
  3 adder zombies
  2 adder skeletons
  2 worms (D:4)
  6 giant geckos
  97 orcs
  9 bats
  7 goblins
  7 hobgoblins
  15 jackals
  6 quokkas
  2 ball pythons (Lair:6)
  A giant gecko skeleton (D:6)
  A giant gecko zombie (D:6)
  6 giant newts
  31 kobolds
  2 quokka skeletons (D:6)
  3 quokka zombies
  7 rats
  2 plants
874 creatures vanquished.

Vanquished Creatures (collateral kills)
  A kobold demonologist (D:12)
1 creature vanquished.

Vanquished Creatures (others)
  An orc (D:5)
  2 bushes (D:11)
  4 fungi
  6 plants
13 creatures vanquished.

Grand Total: 888 creatures vanquished

Notes
Turn   | Place    | Note
--------------------------------------------------------------
     0 | D:1      | kengeki the Spriggan Enchanter began the quest for the Orb.
     0 | D:1      | Reached XP level 1. HP: 9/9 MP: 5/5
   289 | D:1      | Reached XP level 2. HP: 13/13 MP: 3/6
   293 | D:1      | Learned a level 2 spell: Ensorcelled Hibernation
   344 | D:1      | Gained mutation: Your muscles are strong. (Str +2) [potion of beneficial mutation]
   808 | D:2      | Found a shattered altar of Ashenzari.
   809 | D:2      | Found a bloodstained altar of Trog.
   809 | D:2      | Found a radiant altar of Vehumet.
   812 | D:2      | Found a snail-covered altar of Cheibriados.
   823 | D:2      | Reached skill level 5 in Stealth
   823 | D:2      | Reached XP level 3. HP: 16/16 MP: 2/8
  1353 | D:2      | Learned a level 3 spell: Confuse
  1365 | D:2      | Reached skill level 1 in Ice Magic
  1531 | D:2      | Reached XP level 4. HP: 21/21 MP: 1/9
  2712 | D:3      | Found an oddly glowing altar of Pakellas.
  3117 | D:3      | Noticed Terence
  3187 | D:3      | Noticed Chiseanne's ghost (amateur DsWz)
  3256 | D:3      | Killed Terence
  3256 | D:3      | Reached XP level 5. HP: 20/24 MP: 7/11
  3354 | D:3      | Killed Chiseanne's ghost
  3354 | D:3      | Reached skill level 6 in Stealth
  3354 | D:3      | Reached XP level 6. HP: 28/28 MP: 2/13
  3859 | D:4      | Found a deep blue altar of Sif Muna.
  4032 | D:4      | Found a shimmering altar of Xom.
  4513 | D:4      | Reached skill level 5 in Hexes
  4566 | D:4      | Reached XP level 7. HP: 32/32 MP: 12/15
  5109 | D:5      | Entered Level 5 of the Dungeon
  5193 | D:5      | Found a staircase to the Ecumenical Temple.
  5202 | Temple   | Entered the Ecumenical Temple
  5316 | Temple   | Became a worshipper of Dithmenos the Shadowed
  5386 | D:5      | Reached skill level 7 in Stealth
  5386 | D:5      | Reached skill level 5 in Spellcasting
  5398 | D:5      | Gained mutation: You possess an exceptional clarity of mind. [potion of beneficial mutation]
  6167 | D:5      | Learned a level 3 spell: Dazzling Spray
  6171 | D:5      | Learned a level 3 spell: Tukima's Dance
  6300 | D:6      | Reached XP level 8. HP: 36/36 MP: 4/17
  6302 | D:6      | Reached * piety under Dithmenos
  7057 | D:6      | Reached skill level 5 in Short Blades
  7057 | D:6      | Reached skill level 8 in Stealth
  7057 | D:6      | Reached skill level 1 in Conjurations
  7812 | D:6      | Reached ** piety under Dithmenos
  8272 | D:6      | Found a sparkling altar of Nemelex Xobeh.
  8584 | D:6      | Reached skill level 9 in Stealth
  9058 | D:7      | Found a sacrificial altar of Ru.
  9283 | D:7      | Reached XP level 9. HP: 39/39 MP: 20/20
  9316 | D:7      | Found a basalt altar of Yredelemnul.
  9577 | D:7      | Killed a large slime creature
  9577 | D:7      | Reached skill level 10 in Stealth
  9587 | D:7      | Reached skill level 5 in Dodging
 10410 | D:8      | Noticed Psyche
 10423 | D:8      | Killed Psyche
 10423 | D:8      | Reached skill level 11 in Stealth
 10554 | D:8      | Reached XP level 10. HP: 44/44 MP: 10/23
 10939 | D:8      | Reached *** piety under Dithmenos
 11153 | D:8      | Noticed Erolcha
 11155 | D:8      | Killed Erolcha
 11327 | D:8      | Noticed Erica
 11332 | D:8      | Killed Erica
 11332 | D:8      | Reached skill level 12 in Stealth
 11444 | D:8      | Noticed Grum
 11478 | D:8      | Killed Grum
 11942 | D:9      | Noticed Joseph
 12070 | D:9      | Killed Joseph
 12089 | D:9      | Identified a scroll of acquirement
 12462 | D:9      | Found a staircase to the Orcish Mines.
 12481 | D:9      | Reached skill level 10 in Spellcasting
 12500 | D:9      | Reached XP level 11. HP: 47/47 MP: 5/26
 12629 | D:9      | Reached **** piety under Dithmenos
 12775 | D:9      | Noticed a red ugly thing
 12778 | D:9      | Killed a red ugly thing
 12822 | D:10     | Entered Level 10 of the Dungeon
 12837 | D:10     | Reached skill level 10 in Hexes
 12841 | D:10     | Reached skill level 13 in Stealth
 12852 | D:10     | Found a viscous altar of Jiyva.
 13013 | D:10     | Reached skill level 1 in Invocations
 13013 | D:10     | Reached skill level 1 in Evocations
 13078 | D:10     | Noticed a hill giant
 13097 | D:10     | Killed a hill giant
 13179 | D:10     | Noticed a hill giant
 13186 | D:10     | Killed a hill giant
 13236 | D:10     | Reached skill level 10 in Dodging
 13255 | D:10     | Noticed Sonja
 13289 | D:10     | Killed Sonja
 13674 | D:9      | Found a sacrificial altar of Ru.
 13772 | D:10     | Learned a level 1 spell: Apportation
 13774 | D:10     | Learned a level 1 spell: Summon Butterflies
 13781 | D:10     | Learned a level 6 spell: Invisibility
 13787 | D:10     | Learned a level 5 spell: Alistair's Intoxication
 13793 | D:10     | Learned a level 5 spell: Silence
 13979 | D:10     | Noticed a catoblepas
 13982 | D:10     | Killed a catoblepas
 14384 | D:11     | Reached skill level 1 in Translocations
 14507 | D:11     | Reached ***** piety under Dithmenos
 14889 | D:12     | Noticed a soul eater
 15055 | D:10     | Reached skill level 1 in Summonings
 15055 | D:10     | Reached XP level 12. HP: 51/51 MP: 11/28
 15638 | D:11     | Found a staircase to the Lair.
 15658 | Lair:1   | Entered Level 1 of the Lair of Beasts
 16411 | D:12     | Reached skill level 14 in Stealth
 16664 | D:12     | Noticed Fannar
 16667 | D:12     | Killed Fannar
 18030 | Lair:1   | Reached skill level 1 in Air Magic
 19208 | Lair:2   | Reached skill level 15 in Stealth
 19210 | Lair:2   | Found a frozen archway.
 19853 | Lair:3   | Reached XP level 13. HP: 55/55 MP: 25/30
 20890 | Lair:3   | Got a pitted ivory ring
 21940 | Lair:4   | Found a glowing golden altar of the Shining One.
 22142 | Lair:4   | Reached ****** piety under Dithmenos
 22531 | Lair:4   | Identified the ring of Bamoileh {rCorr Int+10} (You found it on level 3 of the Lair of Beasts)
 22769 | Lair:5   | Found a staircase to the Swamp.
 23649 | Lair:5   | Learned a level 2 spell: Blink
 23652 | Lair:5   | Learned a level 2 spell: Shroud of Golubria
 23909 | Lair:6   | Reached skill level 1 in Charms
 23912 | Lair:6   | Reached skill level 1 in Fighting
 23916 | Lair:6   | Reached skill level 16 in Stealth
 24067 | Lair:6   | Found a staircase to the Slime Pits.
 24143 | Lair:6   | Found a labyrinth entrance.
 24340 | Lair:6   | Reached XP level 14. HP: 53/61 MP: 1/32
 24560 | Lair:6   | Found a staircase to the Snake Pit.
 25204 | Lair:7   | Found a dark tunnel.
 25988 | Lair:8   | Entered Level 8 of the Lair of Beasts
 25993 | Lair:8   | Reached skill level 17 in Stealth
 26675 | Lair:8   | Reached skill level 10 in Short Blades
 27092 | Lair:8   | Reached skill level 15 in Dodging
 27368 | Lair:8   | Reached XP level 15. HP: 70/70 MP: 31/34
 27942 | Orc:1    | Entered Level 1 of the Orcish Mines
 27952 | Orc:1    | Found a roughly hewn altar of Beogh.
 27979 | Orc:1    | Reached skill level 5 in Fighting
 28620 | Orc:2    | Entered Level 2 of the Orcish Mines
 28712 | Orc:2    | Found a staircase to the Elven Halls.
 29444 | Orc:2    | Found Geyfoheosy's Book Emporium.
 29447 | Orc:2    | Found Piklicet's Food Shoppe.
 29447 | Orc:2    | Found Zij Sobashre's Gadget Emporium.
 29449 | Orc:2    | Found Qaliumm's General Store.
 29450 | Orc:2    | Reached skill level 18 in Stealth
 29450 | Orc:2    | Reached skill level 15 in Spellcasting
 29625 | Orc:2    | Bought a book of Summonings for 1050 gold pieces
 29631 | Orc:2    | Learned a level 5 spell: Aura of Abjuration
 29635 | Orc:2    | Bought a slice of pizza for 21 gold pieces
 29635 | Orc:2    | Bought 3 fruits for 63 gold pieces
 29635 | Orc:2    | Bought a bread ration for 70 gold pieces
 29635 | Orc:2    | Bought a bread ration for 70 gold pieces
 29635 | Orc:2    | Bought a bread ration for 70 gold pieces
 29636 | Orc:2    | Bought a bread ration for 80 gold pieces
 29636 | Orc:2    | Bought a scroll of identify for 32 gold pieces
 29636 | Orc:2    | Bought a scroll of identify for 32 gold pieces
 29636 | Orc:2    | Bought a scroll of identify for 32 gold pieces
 29729 | Orc:2    | Bought a scroll of enchant armour for 120 gold pieces
 30579 | D:11     | Learned a level 5 spell: Summon Demon
 30976 | Swamp:1  | Entered Level 1 of the Swamp
 31593 | Swamp:2  | You fall through a shaft!
 31607 | Swamp:3  | Noticed a thorn hunter
 31697 | Swamp:2  | Identified a -1 rod of ignition (10/10) (You found it on level 2 of the Swamp)
 33269 | Swamp:3  | Killed a thorn hunter
 33482 | Swamp:3  | Killed from afar by a spriggan druid

Skill      XL: |  1  2  3  4  5  6  7  8  9 10 11 12 13 14 15 |
---------------+----------------------------------------------+-----
Spellcasting   | 3 4 5 6 8 10 11 12 13 14 15 | 15.6
Stealth        | 5 6 7 9 11 12 13 15 16 17 18 | 18.9
Hexes          | 4 5 6 8 9 11 12 13 | 13.1
Short Blades   | 2 3 4 6 8 10 | 10.0
Ice Magic      | 1 2 3 |  3.0
Conjurations   | 2 3 |  3.1
Dodging        | 6 9 10 12 13 15 | 15.0
Invocations    | 3 |  3.0
Evocations     | 4 |  4.0
Translocations | 2 3 |  3.1
Summonings     | 1 2 3 |  3.7
Air Magic      | 2 4 |  4.0
Charms         | 2 3 |  3.0
Fighting       | 1 4 6 |  6.6

Action                   |  1- 3 |  4- 6 |  7- 9 | 10-12 | 13-15 || total
-------------------------+-------+-------+-------+-------+-------++-------
Melee: Dagger            |    57 |   110 |   250 |   429 |   670 ||  1516
 Cast: Corona            |     4 |       |       |       |       ||     4
       Ensorcelled Hiber |    18 |    35 |    47 |   186 |    93 ||   379
       Confuse           |       |     7 |    63 |   111 |   100 ||   281
       Dazzling Spray    |       |       |    16 |       |     8 ||    24
       Invisibility      |       |       |       |       |    28 ||    28
       Shroud of Golubri |       |       |       |       |    41 ||    41
       Silence           |       |       |       |       |     2 ||     2
       Summon Demon      |       |       |       |       |     3 ||     3
Invok: Shadow Step       |       |       |       |     3 |    19 ||    22
Evoke: Stone of tremors  |       |       |       |       |     1 ||     1
       Wand              |       |       |       |       |     1 ||     1
  Use: Potion            |     3 |     2 |     5 |     7 |     3 ||    20
       Scroll            |     1 |     6 |     8 |    14 |    11 ||    40
 Stab: Sleeping          |    27 |    34 |    41 |   215 |   294 ||   611
       Confused          |       |     6 |    26 |    39 |    33 ||   104
       Distracted        |       |     1 |     1 |     2 |     1 ||     5
       Invisible         |       |       |     9 |     4 |    78 ||    91
  Eat: Bread ration      |       |     1 |     1 |     1 |     2 ||     5
       Pizza             |       |       |     1 |     1 |     5 ||     7
       Fruit             |       |       |       |       |     6 ||     6
Armor: Robe              |    12 |     6 |    18 |     4 |     8 ||    48
Dodge: Dodged            |    38 |    62 |   113 |   190 |   202 ||   605
